 Dungeon Crawl Stone Soup version 0.28.0-53-g5a82cb258f (webtiles) character file.

Game seed: 12175165279275444231

65 Descartes the Magician (level 3, -1/20 HPs)
             Began as a Deep Elf Wanderer on June 16, 2022.
             Was an Initiate of Gozag.
             Slain by an orc
             ... wielding a +2 trident of flaming
              (4 damage)
             ... on level 3 of the Dungeon.
             The game lasted 00:06:12 (2492 turns).

Descartes the Magician (Deep Elf Wanderer)          Turns: 2492, Time: 00:06:13

Health: -1/20      AC:  4    Str:  9    XL:     3   Next: 94%
Magic:  8/9        EV: 12    Int: 17    God:    Gozag
Gold:   120        SH:  0    Dex: 15    Spells: 3/8 levels left

rFire   . . .      SeeInvis .   l - +2 whip (holy)
rCold   . . .      Faith    .   (no shield)
rNeg    . . .      Spirit   .   e - +0 robe
rPois   .          Reflect  .   (no helmet)
rElec   .          Harm     .   j - +0 cloak
rCorr   .          Rampage  .   (no gloves)
Will    .....                   h - +0 pair of boots
Stlth   +.........              (no amulet)
HPRegen 0.06/turn               (no ring)
MPRegen 0.11/turn               (no ring)

@: no status effects
A: no striking features
a: Renounce Religion, Potion Petition, Call Merchant, Bribe Branch


You were on level 3 of the Dungeon.
You worshipped Gozag.
Gozag was aware of your devotion.
You visited 1 branch of the dungeon, and saw 3 of its levels.

You collected 179 gold pieces.
You paid 59 gold pieces to Gozag.

Inventory:

Hand Weapons
 a - a +0 shortbow
 b - a +0 dagger
 l - a +2 whip of holy wrath (weapon)
Missiles
 c - 13 poisoned darts (quivered)
 d - 19 arrows
 p - 60 stones
Armour
 e - a +0 robe (worn)
 h - a +0 pair of boots (worn)
 j - a +0 cloak (worn)
Scrolls
 g - 3 scrolls of fear {unknown}
 i - a scroll of brand weapon {unknown}
 m - 2 scrolls of magic mapping {unknown}
 n - a scroll of teleportation {unknown}
Potions
 f - 2 potions of degeneration {unknown}
 k - a potion of ambrosia {unknown}
 o - a potion of magic {unknown}
 q - a potion of invisibility {unknown}


   Skills:
 - Level 1.0 Fighting
 - Level 1.3 Bows
 - Level 1.0 Throwing
 + Level 1.4 Dodging
 + Level 3.4 Spellcasting
 + Level 1.3 Conjurations
 + Level 2.3 Air Magic
 + Level 1.0 Poison Magic
 + Level 1.8 Invocations
 + Level 2.6 Evocations


You had 3 spell levels left.
You knew the following spells:

 Your Spells              Type           Power      Damage    Failure   Level
a - Shock                 Conj/Air       36%        1d5       8%          1
b - Poisonous Vapours     Pois/Air       16%        N/A       13%         2
c - Static Discharge      Conj/Air       9%         N/A       12%         2

Your spell library contained the following spells:

 Spells                   Type           Power      Damage    Failure   Level
 Beastly Appendage        Tmut           4%         N/A       17%         1
 Wereblood                Tmut           2%         N/A       26%         2
 Spider Form              Tmut/Pois      4%         N/A       38%         3


Dungeon Overview and Level Annotations

Branches:
Dungeon (3/15)

Altars:
Gozag
Xom


Message History

There are monsters nearby!
There are monsters nearby!
There are monsters nearby!
There are monsters nearby!
There are monsters nearby!
There are monsters nearby!
You're too confused to move!
The orc wizard gestures wildly while chanting.
The orc wizard flickers and vanishes!
Deactivating autopickup; reactivate with Ctrl-A.
The orc priest calls down the wrath of Beogh upon you.
Beogh smites you!
Ouch! That really hurt!
* * * LOW HITPOINT WARNING * * *
You're too confused to move!
The orc barely misses you. The orc closely misses you.
Okay, then.
You are too confused!
You bump into the rock wall.
The orc barely misses you.
You bump into the rock wall.
The orc hits you with a +2 trident of flaming.
* * * LOW HITPOINT WARNING * * *
The orc burns you.
* * * LOW HITPOINT WARNING * * *
Unknown command.
You miss the orc.
You feel less confused. The orc hits you but does no damage.
Okay, then.
Casting: Shock (safe; 8% risk of failure)
Confirm with . or Enter, or press ? or * to list all spells.
Aiming: Shock (safe; 8% risk of failure)
Press: ? - help, Shift-Dir - straight line The zap misses the orc.
The zap hits the orc.
The orc is lightly wounded.
The zap hits something.
The zap misses the orc priest.
The orc barely misses you.
The orc hits you from afar with a +2 trident of flaming.
You die...
Your body crumbles into a pile of gold.

#########
#.......#
#.......#
#.......#
#.......#
##.......#
#######........#
##.oo.@.........#
#.o######.......#
o......##
#)......# #######
#####.......#
#.........###
#..#......## #
#.####.# #.. #.#
...# #.#


You could see an orc priest and 2 orcs.

Vanquished Creatures
  2 adders (D:2)
  A worm (D:2)
  A dart slug (D:2)
  An orc (D:3)
  4 endoplasms (D:1)
  2 giant cockroaches
  6 goblins
  3 hobgoblins
  2 jackals (D:2)
  2 quokkas
  A ball python (D:1)
  5 bats
  2 frilled lizards
  5 kobolds
  2 rats (D:1)
39 creatures vanquished.

Notes
Turn   | Place    | Note
-------+----------+-------------------------------------------
     0 | D:1      | Descartes the Deep Elf Wanderer began the quest for the
                  | Orb.
     0 | D:1      | Descartes set off with the following items: a +0 shortbow,
                  | 24 arrows, 9 poisoned darts, a +0 dagger, a +0 robe; and
                  | the following spell memorised: Shock; and the following
                  | spells available to memorise: Poisonous Vapours, Static
                  | Discharge
     0 | D:1      | Reached XP level 1. HP: 12/12 MP: 6/6
   483 | D:1      | Reached XP level 2. HP: 13/16 MP: 2/8
   486 | D:1      | Learned a level 2 spell: Poisonous Vapours
   489 | D:1      | Learned a level 2 spell: Static Discharge
  1049 | D:1      | Reached skill level 1 in Dodging
  1121 | D:1      | Reached skill level 1 in Conjurations
  1254 | D:2      | Reached XP level 3. HP: 16/20 MP: 3/9
  1846 | D:2      | Found a faded altar of an unknown god.
  2084 | D:2      | Reached skill level 1 in Poison Magic
  2275 | D:3      | Found a shimmering altar of Xom.
  2301 | D:3      | Found an opulent altar of Gozag.
  2305 | D:3      | Became a worshipper of Gozag Ym Sagoz the Greedy
  2492 | D:3      | Slain by an orc

Illustrated notes

Levels and vault maps discovered:
D:1:      moated_graveyard_arrival, layout_basic, minmay_misc_feat_chi
D:2:      layout_loops_ring, hellmonk_ecumenical_altar_dog_temple, hex_tiny
D:3:      layout_rooms, mainiacjoe_overflow_big_doors,
          amethyst_overflow_temple_binary

Skill      XL: |  1  2  3 |
---------------+----------+-----
Dodging        | 1 |  1.4
Conjurations   | 1 |  1.3
Poison Magic   | 1 |  1.0
Fighting       | |  1.0
Bows           | |  1.3
Throwing       | |  1.0
Spellcasting   | |  3.4
Air Magic      | |  2.3
Invocations    | |  1.8
Evocations     | |  2.6

Action                   || total
-------------------------++-------
Melee: Whip              ||    13
 Fire: Shortbow          ||    20
 Cast: Shock             ||    84
Armor: Robe              ||     7
Dodge: Dodged            ||    27
